 Dungeon Crawl Stone Soup version 0.29-a0-194-g6e3aafee17 (webtiles) character file.

Game seed: 13287660818850987946

9727 cyrus the Severer (level 11, -9/97 HPs)
             Began as a Hill Orc Fighter on Feb 22, 2022.
             Was a High Priest of Nemelex Xobeh.
             Killed from afar by a gargoyle (12 damage)
             ... with a stone arrow
             ... on level 11 of the Dungeon.
             The game lasted 00:34:22 (15168 turns).

cyrus the Severer (Hill Orc Fighter)               Turns: 15168, Time: 00:34:23

Health: -9/97      AC: 18    Str: 26    XL:     11   Next: 51%
Magic:  12/12      EV:  5    Int: 12    God:    Nemelex Xobeh [*****.]
Gold:   596        SH:  5    Dex: 10    Spells: 10/10 levels left

rFire   . . .      SeeInvis .   a - +0 war axe
rCold   . . .      Faith    .   c - +0 buckler
rNeg    . . .      Spirit   .   l - +0 crystal plate armour
rPois   .          Reflect  .   I - +2 helmet
rElec   .          Harm     .   R - +0 cloak
rCorr   .          Rampage  .   (no gloves)
Will    .....                   D - +0 pair of boots
Stlth   ..........              Q - amulet of regeneration
HPRegen 1.06/turn               k - +6 ring of strength
MPRegen 0.13/turn               (no ring)

@: mighty, about to teleport, corroded
A: no striking features
a: Renounce Religion, Draw Escape, Draw Destruction, Draw Summoning, Triple
Draw, Deal Four, Stack Five


You were on level 11 of the Dungeon.
You worshipped Nemelex Xobeh.
Nemelex Xobeh was extremely pleased with you.
You visited 3 branches of the dungeon, and saw 13 of its levels.
You also visited: Bailey.

You collected 986 gold pieces.
You spent 390 gold pieces at shops.

Inventory:

Hand Weapons
 a - a +0 war axe (weapon)
 d - a +0 vorpal long sword
Armour
 c - a +0 buckler (worn)
 l - a +0 crystal plate armour (worn)
 D - a +0 pair of boots (worn)
 F - a scarf of repulsion
 I - a +2 helmet (worn)
 R - a +0 cloak (worn)
Jewellery
 b - a ring of protection from fire
 k - a +6 ring of strength (left hand)
 p - a ring of magical power
 t - an amulet of the acrobat
 w - a ring of wizardry
 Q - an amulet of regeneration (around neck)
 U - a ring of see invisible
 V - a +4 ring of evasion
Wands
 f - a wand of digging (2)
 u - a wand of paralysis (1)
Scrolls
 i - a scroll of amnesia {unknown}
 j - a scroll of torment {unknown}
 m - 2 scrolls of teleportation
 o - a scroll of immolation {unknown}
 r - a scroll of brand weapon {unknown}
 s - a scroll of blinking {unknown}
 v - 3 scrolls of magic mapping
 x - a scroll of enchant weapon {unknown}
 y - a scroll of fog
 A - a scroll of holy word {unknown}
 G - a scroll of acquirement {unknown}
 J - a scroll of enchant armour {unknown}
 N - a scroll of noise {unknown}
Potions
 e - 9 potions of curing
 g - 9 potions of heal wounds {unknown}
 h - a potion of resistance {unknown}
 n - a potion of cancellation {unknown}
 q - 2 potions of invisibility {unknown}
 z - a potion of ambrosia {unknown}
 B - a potion of degeneration {unknown}
 H - a potion of lignification {unknown}
 L - 2 potions of flight {unknown}
 M - a potion of magic {unknown}
 P - a potion of mutation {unknown}
 S - a potion of haste {unknown}


   Skills:
 + Level 9.4 Fighting
 + Level 15.9 Axes
 + Level 10.3 Armour
 + Level 2.0 Stealth
 + Level 6.2 Shields
 + Level 1.7 Invocations
 + Level 0.3 Evocations


You had 10 spell levels left.
You didn't know any spells.
Your spell library contained the following spells:

 Spells                   Type           Power      Damage    Failure   Level
 Animate Skeleton         Necr           0%         N/A       100%        1
 Apportation              Tloc           0%         N/A       100%        1
 Summon Small Mammal      Summ           0%         N/A       100%        1
 Ensorcelled Hibernation  Hex/Ice        0%         N/A       100%        2
 Passwall                 Tmut/Erth      0%         N/A       100%        2
 Static Discharge         Conj/Air       0%         N/A       100%        2
 Ignite Poison            Fire/Tmut/Pois 0%         N/A       100%        3
 Mephitic Cloud           Conj/Pois/Air  0%         N/A       100%        3
 Swiftness                Air            0%         N/A       100%        3
 Dispel Undead            Necr           0%         3d6       100%        4
 Sticky Flame             Conj/Fire      0%         2d3       100%        4
 Freezing Cloud           Conj/Ice/Air   0%         6-21      100%        5


Dungeon Overview and Level Annotations

Branches:
Dungeon (11/15)            Temple (1/1) D:4            Lair (1/6) D:8
    Orc (0/2) D:11         Bailey (visited)

Altars:
Ashenzari
Cheibriados
Dithmenos
Elyvilon
Fedhas
Gozag
Hepliaklqana
Makhleb
Nemelex Xobeh
Okawaru
Qazlal
Ru
Sif Muna
Trog
Uskayaw
Vehumet
Wu Jian
Xom
Yredelemnul
The Shining One

Shops:
D:1 =   D:2 (   D:4 =*(   D:5 ?   D:7 =(:

Annotations:
D:10 2 runed translucent doors, porpoise's ghost, journeyman DjCj
Lair:1 Sonja


Message History

You block the gargoyle's attack.
You slash the gargoyle!
The gargoyle is heavily damaged.
The gargoyle hits you with a +0 mace!
You hit the gargoyle.
The gargoyle is almost destroyed.
The gargoyle hurls a stone arrow at you.
The stone arrow misses you.
You hit the gargoyle but do no damage.
The gargoyle is almost destroyed.
You slash the two-headed ogre!
The two-headed ogre hits you but does no damage.
The two-headed ogre hits you with a +0 giant club.
* * * LOW HITPOINT WARNING * * *
You hit the gargoyle but do no damage.
The gargoyle is almost destroyed.
You hit the two-headed ogre.
The gargoyle hurls a stone arrow at you.
The stone arrow hits you.
* * * LOW HITPOINT WARNING * * *
You feel better.
The two-headed ogre hits you with a +0 giant spiked club!!
* * * LOW HITPOINT WARNING * * *
The two-headed ogre barely misses you.
The gargoyle hurls a stone arrow at you.
The stone arrow hits you.
* * * LOW HITPOINT WARNING * * *
As you read the scroll of fog, it crumbles to dust.
The scroll dissolves into smoke.
The gargoyle barely misses you.
The two-headed ogre hits you with a +0 giant spiked club!
* * * LOW HITPOINT WARNING * * *
The two-headed ogre hits you but does no damage.
Unknown command.
The gargoyle hits you but does no damage.
As you read the scroll of teleportation, it crumbles to dust.
You feel strangely unstable.
The gargoyle hurls a stone arrow at you.
The stone arrow hits you!
You die...
Your body glows with a rainbow of weird colours and disappears.

*,,,,,* *,.......##.##.##
*,**,,******** *****#...#####.#
,,,,,,,,,,,,,* #.........#
*,**********,* #...####### ,,*
*,* #...# **** ***********#,*
#...# **,,, ***,,,,,,.##.###*
#...# **,***
*,,,,,,,,....<.§######...###.#*
*
*,,,,,,**,*#....@O§§........#*
*,,,,,,**,*###.§§9§§........#
*,,,,,***,*#...§§§.§......).#*
*,,,,,***,*#.#.##.####...###.#*
* ***,,,,,,,.....*#.# #...#
*#.*** *******#.#.##*#.# #...#
**,,, #,#.***#.# #...# *,**
***** *,#,,,,..#**#...# *,**
,,,,* *,*****,,,,,*,,,* *,**


You could see a two-headed ogre and a gargoyle.

Vanquished Creatures
  Pikel (D:6)
  Maurice (D:8)
  Joseph (D:8)
  A cane toad (Lair:1)
  Maggie (D:6)
  2 komodo dragons
  4 trolls
  A shadow (D:8)
  A wyvern (D:8)
  9 yaks
  Grum (D:10)
  4 acid dragons
  4 water moccasins
  An ice beast (D:7)
  A necrophage (D:6)
  2 orc warriors
  3 centaurs
  3 wolves (D:10)
  2 ogres
  A lemure (D:6)
  3 kobold brigands
  2 bullfrogs
  2 wyvern zombies
  3 scorpions
  6 killer bees (D:9)
  7 vampire bats (Bailey)
  5 wights (D:8)
  A howler monkey (D:6)
  A crimson imp (D:5)
  5 wolf zombies (Bailey)
  A bullfrog zombie (D:5)
  A centaur zombie (D:4)
  A hound (D:5)
  2 bullfrog skeletons
  An orc priest (D:4)
  4 centaur skeletons
  3 iguanas
  4 orc wizards
  A killer bee zombie (D:8)
  2 hound skeletons
  A howler monkey zombie (D:9)
  An adder (D:6)
  3 gnolls (D:4)
  A white imp (D:8)
  3 worms
  19 orcs
  5 endoplasms
  4 giant cockroaches
  9 hobgoblins
  4 jackals (D:4)
  20 kobolds
  3 quokkas
  7 ball pythons
  8 bats
  4 frilled lizards
  14 goblins
  A jackal skeleton (D:4)
  17 orc zombies (Bailey)
  3 rats
226 creatures vanquished.

Vanquished Creatures (collateral kills)
  A gargoyle (Bailey)
  2 vampires (Bailey)
  Blork the orc (D:6)
  2 orc zombies (Bailey)
6 creatures vanquished.

Vanquished Creatures (others)
  34 plants
34 creatures vanquished.

Grand Total: 266 creatures vanquished

Notes
Turn   | Place    | Note
-------+----------+-------------------------------------------
     0 | D:1      | cyrus the Hill Orc Fighter began the quest for the Orb.
     0 | D:1      | Reached XP level 1. HP: 19/19 MP: 1/1
    35 | D:1      | Found Oxonnoong's Jewellery Shop.
    63 | D:1      | Found a faded altar of an unknown god.
    96 | D:1      | Prayed at the altar of an unknown god.
    96 | D:1      | Became a worshipper of Nemelex Xobeh the Trickster
    96 | D:1      | Reached * piety under Nemelex Xobeh
    96 | D:1      | Received a gift from Nemelex Xobeh
   477 | D:1      | Reached XP level 2. HP: 27/27 MP: 2/2
   586 | D:1      | Reached skill level 3 in Axes
  1452 | D:2      | Reached XP level 3. HP: 31/33 MP: 3/3
  1574 | D:2      | Reached ** piety under Nemelex Xobeh
  1574 | D:2      | Received a gift from Nemelex Xobeh
  1578 | D:2      | Found Zuamna's Antique Weapon Shop.
  2668 | D:3      | Reached XP level 4. HP: 40/40 MP: 4/4
  2777 | D:3      | Reached skill level 4 in Axes
  2875 | D:3      | Noticed a centaur
  2882 | D:3      | Killed a centaur
  2883 | D:3      | Reached skill level 5 in Axes
  2883 | D:3      | Reached XP level 5. HP: 39/46 MP: 5/5
  2926 | D:3      | Found a glowing golden altar of the Shining One.
  2961 | D:3      | Noticed a water moccasin
  2977 | D:3      | Killed a water moccasin
  2978 | D:3      | Reached XP level 6. HP: 24/53 MP: 6/6
  3492 | D:4      | Found Hicwin's Assorted Antiques.
  3508 | D:4      | Found a staircase to the Ecumenical Temple.
  3517 | Temple   | Entered the Ecumenical Temple
  3805 | D:4      | Reached skill level 6 in Axes
  3896 | D:4      | Reached skill level 5 in Armour
  4295 | D:4      | Received a gift from Nemelex Xobeh
  4310 | D:4      | Found Zaxip's Jewellery Shoppe.
  4313 | D:4      | You fall into a shaft and drop 2 floors!
  4379 | D:6      | Reached XP level 7. HP: 48/60 MP: 7/7
  4716 | D:6      | Noticed Blork the orc
  4723 | D:6      | Killed Blork the orc
  4724 | D:6      | Reached skill level 7 in Axes
  4816 | D:6      | Reached *** piety under Nemelex Xobeh
  4874 | D:6      | Noticed Maggie
  4874 | D:6      | Noticed Pikel
  4880 | D:6      | Identified the -1 hand axe of Fate {holy, *Rage rF+ Str+4
                  | Int+3}
  4903 | D:6      | Killed Pikel
  4904 | D:6      | Reached skill level 5 in Fighting
  4904 | D:6      | Reached skill level 8 in Axes
  4904 | D:6      | Reached skill level 1 in Invocations
  4904 | D:6      | Reached XP level 8. HP: 34/68 MP: 8/8
  4915 | D:6      | Killed Maggie
  4916 | D:6      | Reached skill level 9 in Axes
  5507 | D:5      | Entered Level 5 of the Dungeon
  5617 | D:5      | Found a radiant altar of Vehumet.
  5617 | D:5      | Found a shadowy altar of Dithmenos.
  5636 | D:5      | Received a gift from Nemelex Xobeh
  5754 | D:5      | Reached skill level 10 in Axes
  5810 | D:5      | Reached XP level 9. HP: 33/75 MP: 10/10
  6548 | D:5      | Reached skill level 5 in Shields
  6732 | D:5      | Noticed a troll
  6742 | D:5      | Killed a troll
  6789 | D:5      | Reached skill level 11 in Axes
  6846 | D:5      | Found a shimmering altar of Xom.
  6846 | D:5      | Found a burning altar of Makhleb.
  7011 | D:5      | Found Batoesim's Magic Scroll Shop.
  7168 | D:4      | Received a gift from Nemelex Xobeh
  7182 | D:4      | Reached **** piety under Nemelex Xobeh
  8054 | D:4      | Found Aqetysm's Antique Weapon Emporium.
  8572 | D:4      | Found a hide-covered altar of Uskayaw.
  9236 | D:7      | Reached skill level 12 in Axes
  9298 | D:7      | Found a white marble altar of Elyvilon.
  9370 | D:7      | Found Icleung's Book Shop.
  9453 | D:7      | Found a flagged portal.
  9461 | Bailey   | Entered a bailey
  9475 | Bailey   | Received a gift from Nemelex Xobeh
  9496 | Bailey   | Noticed a gargoyle
  9509 | Bailey   | Killed a gargoyle
 10173 | Bailey   | Reached XP level 10. HP: 82/86 MP: 11/11
 10356 | Bailey   | Reached skill level 13 in Axes
 10366 | Bailey   | Identified the +1 plate armour of Privacy {rElec Str+8
                  | Int-4 Dex+3}
 10370 | Bailey   | Identified the +5 plate armour "Urojueq" {rF+ Will+ Dex-5}
 10413 | Bailey   | Identified the +6 quarterstaff of the Evil Eye {flame,
                  | *Noise Str+3 Dex+6}
 10917 | D:7      | Found Egany's Weapon Boutique.
 10947 | D:7      | Found Nekalyot's Jewellery Shop.
 10955 | D:7      | Bought an amulet of regeneration for 390 gold pieces
 10967 | D:8      | Noticed Maurice
 10970 | D:8      | Identified the -1 hand axe "Nypusai" {speed, +Blink rElec
                  | rPois Str-2}
 11028 | D:8      | Killed Maurice
 11578 | D:8      | Found a staircase to the Lair.
 11608 | Lair:1   | Entered Level 1 of the Lair of Beasts
 11608 | Lair:1   | Noticed a cane toad
 11619 | Lair:1   | Killed a cane toad
 11620 | Lair:1   | Reached skill level 14 in Axes
 11667 | Lair:1   | Noticed a cane toad
 11668 | Lair:1   | Noticed Sonja
 11751 | D:8      | Noticed Joseph
 11776 | D:8      | Killed Joseph
 11777 | D:8      | Reached skill level 1 in Stealth
 12058 | D:8      | Found an opulent altar of Gozag.
 12531 | D:8      | Reached ***** piety under Nemelex Xobeh
 12839 | D:8      | Reached XP level 11. HP: 95/95 MP: 12/12
 13061 | D:9      | Found an ornate altar of the Wu Jian Council.
 13122 | D:9      | Reached skill level 10 in Armour
 13206 | D:9      | Received a gift from Nemelex Xobeh
 13332 | D:9      | Reached skill level 15 in Axes
 13887 | D:10     | Entered Level 10 of the Dungeon
 14070 | D:10     | Noticed Grum
 14091 | D:10     | Killed Grum
 14500 | D:10     | Found a runed translucent door.
 14502 | D:10     | Noticed a fire dragon
 14502 | D:10     | Noticed a skeletal warrior
 14503 | D:10     | Noticed an orc knight
 14505 | D:10     | Noticed porpoise's ghost (journeyman DjCj)
 14505 | D:10     | Noticed a lich
 14505 | D:10     | Noticed a skeletal warrior
 14506 | D:10     | Noticed a necromancer
 14511 | D:10     | Found a runed translucent door.
 14596 | D:10     | Received a gift from Nemelex Xobeh
 15155 | D:11     | Noticed a two-headed ogre
 15166 | D:11     | HP: 1/97 [two-headed ogre/+0 giant spiked club (10)]
 15168 | D:11     | Killed from afar by a gargoyle

Illustrated notes

Levels and vault maps discovered:
D:1:      ncdulo_halloftheorcs, layout_basic, ebering_ecumenical_altar_box,
          serial_shops, shop, chequers_serial_rivers_micro_d, minmay_cut_off
D:2:      layout_loops_ring, serial_shops, shop_statue, minmay_goblin_outpost
D:3:      layout_rooms, nicolae_tso_carved_into_rock
D:4:      minmay_polygon_palace, layout_basic, mainiacjoe_overflow_boulevard,
          serial_shops, nicolae_stop_n_shop_1, nicolae_square_shop, shop,
          minmay_crystal_water, nrook_mini_vaults, item_on_display_a
D:5:      layout_loops_corners, grunt_temple_overflow_champion_of_chaos,
          gammafunk_temple_overflow_wave, serial_shops, kennysheep_mini_moat,
          kennysheep_path_1, minmay_misc_feat_encased
D:6:      layout_loops_ring, uniq_maggie, uniq_pikel, uniq_blork_the_orc
D:7:      layout_loops_ring, lemuel_coloured_pillars_altar, zin_treasury,
          lemuel_mausoleum_altar_kikubaaqudgha, enter_bailey_3, serial_shops,
          shop, kennysheep_mini, nicolae_diamond_shop, nicolae_take_the_stairs,
          nicolae_stop_n_shop_1, uniq_crazy_yiuf_cottage
D:8:      layout_loops_ring, nicolae_gozag_seed_capital, david_lair_shrubbed,
          serial_rivers, chequers_serial_rivers_micro_b,
          chequers_serial_rivers_micro_b, chequers_serial_rivers_micro_b,
          chequers_serial_rivers_large_b, minmay_misc_feat_square,
          grunt_tough_drop, uniq_joseph, uniq_maurice
D:9:      layout_roguey, nicolae_wu_jian_wuxing_cycle
D:10:     layout_long_grid, muffindrake_ghost_dual_entry, minivault_1, uniq_grum
D:11:     layout_loops_cross, david_orc_2
Temple:   minmay_temple_curvy_loop
Lair:1:   layout_regular_city, gammafunk_ghost_split, minmay_lair_oklob_items,
          serial_bayou_shore_a, grunt_megastairs_4, infiniplex_staircase_pool_2,
          uniq_sonja, uniq_gastronok

Skill      XL: |  1  2  3  4  5  6  7  8  9 10 11 |
---------------+----------------------------------+-----
Axes           | 3 5 6 8 10 12 14 15 | 15.9
Fighting       | 4 5 6 7 8 9 |  9.4
Armour         | 4 5 6 7 8 9 10 | 10.3
Shields        | 4 5 6 |  6.2
Invocations    | 1 |  1.7
Stealth        | 1 2 |  2.0
Evocations     | |  0.3

Action                   |  1- 3 |  4- 6 |  7- 9 | 10-12 || total
-------------------------+-------+-------+-------+-------++-------
Melee: War axe           |   101 |    87 |   223 |   441 ||   852
Invok: Draw Summoning    |       |       |     5 |     2 ||     7
       Triple Draw       |       |       |     1 |       ||     1
       Draw Destruction  |       |       |       |     1 ||     1
Evoke: Wand              |       |       |     3 |     3 ||     6
  Use: Potion            |       |       |     2 |     2 ||     4
       Scroll            |       |       |       |     6 ||     6
 Stab: Paralysed         |       |       |     4 |     7 ||    11
       Distracted        |       |       |       |     1 ||     1
Armor: Plate armour      |    27 |       |       |       ||    27
       Crystal plate arm |    93 |   104 |   214 |   276 ||   687
Dodge: Dodged            |    22 |    13 |    40 |    98 ||   173
       Repelled          |       |       |       |     1 ||     1
Block: Buckler           |    27 |    16 |    54 |    94 ||   191

Table legend: (Time is in decaauts)
 A = Elapsed time spent in this place.
 B = Non-inter-level travel time spent in this place.
 C = Inter-level travel time spent in this place.
 D = Time resting spent in this place.
 E = Time spent auto-exploring this place.
 F = Levels seen in this place.
 G = Mean time per level.
                   A        B        C        D        E       F      G
               +--------+--------+--------+--------+--------+-----+--------+
         Total |  15192 |  14891 |    301 |   5123 |   6848 |  14 | 1085.1 |
       Dungeon |  13569 |  13305 |    264 |   4391 |   6345 |  11 | 1233.5 |
        Temple |    269 |    232 |     37 |      0 |    187 |   1 |  269.0 |
          Lair |     64 |     64 |      0 |      0 |      0 |   1 |   64.0 |
        Bailey |   1289 |   1289 |      0 |    732 |    316 |   1 | 1289.0 |
               +--------+--------+--------+--------+--------+-----+--------+

Top non-repeatable levels by time:
     D:4: 2302 daAuts
     D:8: 2006 daAuts
     D:5: 1644 daAuts
     D:1: 1363 daAuts
  Bailey: 1289 daAuts
     D:6: 1240 daAuts
     D:2: 1172 daAuts
    D:10: 1084 daAuts
     D:3: 1003 daAuts
     D:9: 839 daAuts
     D:7: 740 daAuts
  Temple: 269 daAuts
    D:11: 172 daAuts
  Lair:1: 64 daAuts
